AoeStats
← ZealoT

Arabia

510196899Analyzed
1v1 RM · 4d ago on Sep 29, 2026· 25m 47s· 2 players
Game mode
Random Map
Map size
Tiny (2 player)
Population
200
Speed
Normal
Resources
Standard
Victory
Conquest
Starting age
Dark Age
Ending age
Imperial Age
RankedLock teamsTeams togetherTeam positionsShared explorationLock speedFull tech treeHidden civsTurbo modeCheats
Victory
Defeat
🇬🇹 Cumans · Guatemala
1895
+12
🇺🇸 Saracens · United States
1795
-12
BB3097790
6:09 Loom
9:04 Feudal Age
18:23 Forging
18:04 Fletching
18:30 Padded Archer Armor
22:53 Castle Age
22:59 Elite Skirmisher
25:34 Double-Bit Axe
ZealoT
6:22 Loom
9:08 Feudal Age
9:55 Man-at-Arms
13:14 Double-Bit Axe
14:37 Fletching
22:09 Castle Age
23:01 Bloodlines
23:07 Bodkin Arrow
23:20 Scale Barding Armor
24:34 Bow Saw
25:01 Wheelbarrow
25:01 Forging
Connection lost

Rejoining the realm…

Still unreachable

The connection could not be restored.

Session expired

The server has moved on; the page needs a fresh start.